 Dungeon Sprint DCSS version 0.21.0-3-g78d12a8bdd (webtiles) character file.

1496 Quolop the Grappler (level 8, -28/84 HPs)
             Began as a Troll Monk on Jan 12, 2018.
             Was an Elder of Wu Jian.
             Annihilated by a two-headed ogre
             ... wielding a +0 giant club
              (30 damage)
             ... in the Dungeon (Sprint IX: "|||||||||||||||||||||||||||||").
             The game lasted 00:02:18 (261 turns).

Quolop the Grappler (Troll Monk)                     Turns: 261, Time: 00:02:19

Health: -28/84     AC:  1    Str: 22    XL:     8   Next: 51%
Magic:  7/7        EV: 13    Int:  6    God:    Wu Jian [****..]
Gold:   0          SH:  0    Dex: 12    Spells: 7/7 levels left

rFire    . . .     SeeInvis .     - Unarmed
rCold    . . .     Gourm    +   (no shield)
rNeg     . . .     Faith    .   a - +0 robe
rPois    .         Spirit   .   (helmet restricted)
rElec    .         Reflect  .   (no cloak)
rCorr    .         Harm     .   (gloves unavailable)
MR       .....     NoTele   +   (boots unavailable)
Stlth    ++........             (no amulet)
HPRegen  0.64/turn              (no ring)
MPRegen  0.10/turn              (no ring)

@: corroded, serpent's lash
A: large, unfitting armour, claws 3, fast metabolism 3, gourmand, regeneration
1, shaggy fur 1, tough skin 2
a: Wall Jump, Serpent's Lash, Renounce Religion


You were in the Dungeon.
You worshipped Wu Jian.
Wu Jian was greatly pleased with you.
You were very full.

You visited 1 branch

Inventory:

Armour
 a - a +0 robe (worn)
 m - a +0 pair of gloves
Jewellery
 n - a +3 ring of intelligence
 o - a +2 ring of protection
Wands
 l - a wand of iceblast (10)
Scrolls
 h - 2 scrolls of blinking
 j - 3 scrolls of remove curse
 k - 2 scrolls of amnesia
Potions
 c - 5 potions of curing
 d - a potion of invisibility
 e - a potion of haste
 f - 4 potions of magic
 g - a potion of berserk rage
Comestibles
 b - 2 rations


   Skills:
 + Level 6.4 Fighting
 + Level 7.9 Dodging
 + Level 3.4 Stealth
 * Level 14.2 Unarmed Combat


You had 7 spell levels left.
You didn't know any spells.

Dungeon Overview and Level Annotations

Branches:
Dungeon (1/1)

Altars:
Cheibriados
Dithmenos
Elyvilon
Fedhas
Gozag
Hepliaklqana
Kikubaaqudgha
Makhleb
Nemelex Xobeh
Okawaru
Qazlal
Ru
Sif Muna
Trog
Uskayaw
Vehumet
Wu Jian
Xom
Yredelemnul
Zin
The Shining One
Beogh
Jiyva
Lugonu


Innate Abilities, Weirdness & Mutations

You are too large for most types of armour.
You have claws for hands.
Your metabolism is lightning-fast.
You like to eat raw meat.
Your natural rate of healing is unusually fast.
You are covered in fur. (AC +1)
You have very tough skin. (AC +2)


Message History

The troll bites you. The troll claws you. The troll claws you!
* * * LOW HITPOINT WARNING * * *
Your muscles tense, ready for explosive movement...
You mangle the troll!!
You kill the troll!
The Council accepts your kill.
Your Unarmed Combat skill increases to level 14!
Evoke which item? (* to show all) (? for menu, Esc to quit)
Okay, then.
You mangle the two-headed ogre!!
The two-headed ogre is heavily wounded.
The two-headed ogre closely misses you.
The two-headed ogre hits you with a giant club!
* * * LOW HITPOINT WARNING * * *
You barely miss the two-headed ogre.
The two-headed ogre is heavily wounded.
You claw the two-headed ogre!
The two-headed ogre is severely wounded.
The two-headed ogre hits you with a giant club!!
You die...

▓.▓
▓.▓
▓.▓
▓.▓
▓(▓
▓'▓
▓)▓
▓.▓
▓@▓
▓O▓
▓.▓
▓.▓
▓+▓


You could see a two-headed ogre.

Vanquished Creatures
  A centaur warrior (D)
  An efreet (D)
  A troll (D)
  2 ice beasts (D)
  A scorpion (D)
  2 hounds (D)
  3 jellies (D)
  An adder (D)
  An adder skeleton (D)
  A leopard gecko (D)
  An orc (D)
  2 hobgoblins (D)
  2 quokka skeletons (D)
  2 rats (D)
21 creatures vanquished.

Notes
Turn   | Place    | Note
-------+----------+-------------------------------------------
     0 | D        | Quolop the Troll Monk began the quest for the Orb.
     0 | D        | Reached XP level 1. HP: 22/22 MP: 0/0
    32 | D        | Noticed a jelly
    37 | D        | Killed a jelly
    37 | D        | Reached skill level 5 in Unarmed Combat
    37 | D        | Reached XP level 2. HP: 18/31 MP: 1/1
    37 | D        | Reached XP level 3. HP: 21/37 MP: 2/2
    97 | D        | Found a roughly hewn altar of Beogh.
    97 | D        | Found a snail-covered altar of Cheibriados.
    97 | D        | Found a shadowy altar of Dithmenos.
    97 | D        | Found a white marble altar of Elyvilon.
    97 | D        | Found a blossoming altar of Fedhas.
    97 | D        | Found an opulent altar of Gozag.
    98 | D        | Found a hazy altar of Hepliaklqana.
    99 | D        | Found a viscous altar of Jiyva.
   100 | D        | Found an ancient bone altar of Kikubaaqudgha.
   101 | D        | Found a corrupted altar of Lugonu.
   102 | D        | Found a burning altar of Makhleb.
   103 | D        | Found a sparkling altar of Nemelex Xobeh.
   104 | D        | Found an iron altar of Okawaru.
   105 | D        | Found a stormy altar of Qazlal.
   106 | D        | Found a sacrificial altar of Ru.
   107 | D        | Found a deep blue altar of Sif Muna.
   108 | D        | Found a bloodstained altar of Trog.
   109 | D        | Found a hide-covered altar of Uskayaw.
   110 | D        | Found a radiant altar of Vehumet.
   111 | D        | Found an ornate altar of the Wu Jian Council.
   112 | D        | Found a shimmering altar of Xom.
   113 | D        | Found a basalt altar of Yredelemnul.
   114 | D        | Found a glowing silver altar of Zin.
   115 | D        | Found a glowing golden altar of the Shining One.
   119 | D        | Became a worshipper of the Wu Jian Council
   119 | D        | Reached * piety under Wu Jian
   119 | D        | Reached ** piety under Wu Jian
   141 | D        | Noticed an ice beast
   141 | D        | Noticed an ice beast
   144 | D        | Reached skill level 6 in Unarmed Combat
   144 | D        | Reached XP level 4. HP: 48/48 MP: 3/3
   156 | D        | Killed an ice beast
   156 | D        | Reached skill level 5 in Dodging
   156 | D        | Reached skill level 8 in Unarmed Combat
   156 | D        | Reached XP level 5. HP: 20/55 MP: 4/4
   165 | D        | Killed an ice beast
   165 | D        | Reached skill level 9 in Unarmed Combat
   167 | D        | Reached *** piety under Wu Jian
   167 | D        | Reached skill level 5 in Fighting
   167 | D        | Reached XP level 6. HP: 32/66 MP: 5/5
   237 | D        | Noticed a centaur warrior
   237 | D        | Noticed an efreet
   237 | D        | Noticed a troll
   237 | D        | Noticed a two-headed ogre
   243 | D        | Killed a centaur warrior
   243 | D        | Reached skill level 12 in Unarmed Combat
   243 | D        | Reached XP level 7. HP: 34/75 MP: 6/6
   245 | D        | Reached **** piety under Wu Jian
   245 | D        | Reached skill level 13 in Unarmed Combat
   245 | D        | Reached XP level 8. HP: 33/83 MP: 7/7
   250 | D        | Killed an efreet
   258 | D        | Killed a troll
   258 | D        | Reached skill level 14 in Unarmed Combat
   259 | D        | HP: 1/84 [two-headed ogre/giant club (14)]
   261 | D        | Annihilated by a two-headed ogre

Skill      XL: |  1  2  3  4  5  6  7  8 |
---------------+-------------------------+-----
Fighting       | 3 4 5 6 |  6.4
Dodging        | 3 4 5 7 |  7.9
Unarmed Combat | 5 6 8 9 12 13 14 | 14.2
Stealth        | 2 3 |  3.4

Action                   |  1- 3 |  4- 6 |  7- 9 || total
-------------------------+-------+-------+-------++-------
Melee: Unarmed           |    25 |    34 |    16 ||    75
       Punch             |       |       |     1 ||     1
Invok: Lunge             |     1 |     1 |     2 ||     4
       Serpent's Lash    |       |       |     1 ||     1
  Use: Potion            |     1 |     1 |     1 ||     3
 Stab: Sleeping          |     1 |       |       ||     1
  Eat: Chunk             |     3 |     4 |       ||     7
Armor: Robe              |     4 |     7 |       ||    11
Dodge: Dodged            |    11 |    13 |    11 ||    35
